 Dungeon Crawl Stone Soup version 0.28-a0-1190-g77e1c55843 (webtiles) character file.

Game seed: 2913938321885187484

30 Glokmah the Charlatan (level 3, 0/28 HPs)
             Began as a Hill Orc Artificer on Dec 18, 2021.
             Slain by a frilled lizard (3 damage)
             ... on level 1 of the Dungeon.
             The game lasted 00:02:04 (794 turns).

Glokmah the Charlatan (Hill Orc Artificer)           Turns: 794, Time: 00:02:05

Health: 0/28       AC:  0    Str: 14    XL:     3   Next: 18%
Magic:  3/3        EV: 11    Int: 11    God:
Gold:   6          SH:  0    Dex: 13    Spells: 2/2 levels left

rFire   . . .      SeeInvis .   g - +0 scimitar
rCold   . . .      Faith    .   (no shield)
rNeg    . . .      Spirit   .   (no armour)
rPois   .          Reflect  .   (no helmet)
rElec   .          Harm     .   (no cloak)
rCorr   .          Rampage  .   (no gloves)
Will    .....                   (no boots)
Stlth   +.........              (no amulet)
HPRegen 0.09/turn               (no ring)
MPRegen 0.08/turn               (no ring)

@: no status effects
A: no striking features
a: no special abilities


You were on level 1 of the Dungeon.
You visited 1 branch of the dungeon, and saw 2 of its levels.

You collected 6 gold pieces.

Inventory:

Hand Weapons
 a - a +0 club
 g - a +0 scimitar (weapon)
Armour
 b - a +0 leather armour
 i - a +0 ring mail
Jewellery
 j - an amulet of faith
Wands
 c - a wand of flame (10)
 d - a wand of charming (14)
Scrolls
 f - 2 scrolls of enchant armour {unknown}
 h - a scroll of holy word {unknown}
Potions
 k - a potion of curing {unknown}
Miscellaneous
 e - a piece from Xom's chessboard (11/15) (quivered)


   Skills:
 + Level 1.6 Fighting
 - Level 2.1 Armour
 - Level 0.7 Dodging
 - Level 0.7 Stealth
 * Level 4.1 Evocations


You had 2 spell levels left.
You didn't know any spells.
Your spell library was empty.

Dungeon Overview and Level Annotations

Branches:
Dungeon (2/15)

Altars:


Message History

The bat barely misses you. The frilled lizard bites you.
Your unstable footing causes you to fumble your attack.
The bat hits you.
The frilled lizard bites you. x2; The bat hits you.
You are too injured to fight recklessly!
Unknown command.
You are too injured to fight recklessly!
The bat closely misses you. The frilled lizard misses you.
The bat closely misses you. The bat closely misses you. The bat hits you.
The bat barely misses you. The bat misses you.
You are too injured to fight recklessly!
You are too injured to fight recklessly!
Unknown command.
You are too injured to fight recklessly!
You are too injured to fight recklessly!
Unknown command.
You hit the bat.
You kill the bat!
You closely miss the frilled lizard. The frilled lizard bites you.
You closely miss the frilled lizard. The frilled lizard bites you.
You closely miss the frilled lizard. The frilled lizard bites you.
* * * LOW HITPOINT WARNING * * *
The frilled lizard closely misses you.
You miss the frilled lizard. The frilled lizard bites you.
* * * LOW HITPOINT WARNING * * *
You closely miss the frilled lizard. The frilled lizard misses you.
The frilled lizard closely misses you.
You make a move on Xom's chessboard...
The frilled lizard seems to slow down.
You slash the frilled lizard!
You kill the frilled lizard!
You make a move on Xom's chessboard...
The frilled lizard is moving more slowly.
The frilled lizard bites you.
* * * LOW HITPOINT WARNING * * *
You hit the frilled lizard.
The frilled lizard is heavily wounded.
The frilled lizard barely misses you. The frilled lizard bites you.
You die...

..>..................)........
..
..........###########.......##
## ..........# #.....+......#
..........#### #.#####....###
.............###.# #.####
.............'...# #.#
###..........##### #.#
####.......#########+##
#.......'..@l......#
##......######.....# ########
#.....###### #..........##
####............
.≈.≈.≈.≈.≈.≈....
♣...♣...♣...♣...
≈.≈.≈.≈.≈.≈.≈.≈..
..(♣...♣...♣$....


You could see a frilled lizard (petrifying).

Vanquished Creatures
  An adder (D:2)
  A worm (D:2)
  3 bats
  3 giant cockroaches (D:1)
  A hobgoblin (D:2)
  A kobold (D:1)
  2 ball pythons (D:1)
  A frilled lizard (D:1)
  A rat (D:2)
14 creatures vanquished.

Vanquished Creatures (collateral kills)
  A dart slug (D:2)
  A kobold (D:2)
2 creatures vanquished.

Vanquished Creatures (others)
  An adder (D:2)
1 creature vanquished.

Grand Total: 17 creatures vanquished

Notes
Turn   | Place    | Note
-------+----------+-------------------------------------------
     0 | D:1      | Glokmah the Hill Orc Artificer began the quest for the Orb.
     0 | D:1      | Reached XP level 1. HP: 16/16 MP: 1/1
    13 | D:1      | You fall into a shaft and drop 1 floor!
    80 | D:2      | Reached XP level 2. HP: 4/23 MP: 2/2
   126 | D:2      | HP: 1/23 [bat (1)]
   536 | D:1      | Reached skill level 4 in Evocations
   536 | D:1      | Reached XP level 3. HP: 24/28 MP: 3/3
   794 | D:1      | Slain by a frilled lizard

Illustrated notes

Levels and vault maps discovered:
D:1:      wander_arrival_peaceful_grave, layout_basic, minmay_misc_feat_x,
          kennysheep_crisscross
D:2:      layout_rooms, shapermc_ecumenical_altar_pompeii, minivault_5

Skill      XL: |  1  2 |
---------------+-------+-----
Evocations     | 4 |  4.1
Fighting       | |  1.6
Armour         | |  2.1
Dodging        | |  0.7
Stealth        | |  0.7

Action                   || total
-------------------------++-------
Melee: Club              ||    19
       Scimitar          ||    27
Evoke: Piece from Xom's  ||     6
       Wand              ||     6
  Use: Potion            ||     1
 Stab: Sleeping          ||     1
Armor: Leather armour    ||    30
Dodge: Dodged            ||    64

Table legend: (Time is in decaauts)
 A = Elapsed time spent in this place.
 B = Non-inter-level travel time spent in this place.
 C = Inter-level travel time spent in this place.
 D = Time resting spent in this place.
 E = Time spent auto-exploring this place.
 F = Levels seen in this place.
 G = Mean time per level.
                   A        B        C        D        E       F      G
               +--------+--------+--------+--------+--------+-----+--------+
         Total |    810 |    810 |      0 |    310 |    234 |   2 |  405.0 |
       Dungeon |    810 |    810 |      0 |    310 |    234 |   2 |  405.0 |
               +--------+--------+--------+--------+--------+-----+--------+

Top non-repeatable levels by time:
     D:2: 453 daAuts
     D:1: 357 daAuts
